Map: [ESL] Ancient Cistern

Players

Clem - Winner!

  • Race: Terran Terran
  • Spawn Location: 7:00

Classic

  • Race: Protoss Protoss
  • Spawn Location: 1:00

Event: ESL SC2 Masters 2023 Summer (Finals)

VOD

Have the link to the VOD?

Description

Time

  • Played on: June 16, 2023, 2:36 p.m.
  • Length: 12:54

All games in this series

Show
View Real Time Build Order
Export as new Build Order

Clem Terran - Winner!

Build Orders: Reaper Expand 

Get SALT Encoding   

  12  0:00  SCV  
  13  0:12  SCV  
  14  0:16  Supply Depot  
  14  0:24  SCV  
  15  0:38  SCV  
  15  0:39  Barracks  
  16  0:43  Refinery  
  16  0:50  SCV  
  17  1:03  SCV  
  18  1:15  SCV  
  19  1:26  Reaper  
  19  1:27  Orbital Command  
  20  1:43  Command Center  
  20  1:47  Supply Depot  
  20  1:53  SCV  
  21  1:58  Marine  
  22  2:05  SCV  
  22  2:07  Factory  
  23  2:15  Bunker  
  23  2:16  Marine  
  23  2:18  SCV  
  25  2:28  Refinery  
  25  2:30  SCV  
  25  2:34  Barracks Reactor  
  26  2:42  SCV  
  27  2:51  Hellion  
  29  2:55  Orbital Command  
  29  2:56  Starport, SCV  
  30  3:08  SCV  
  30  3:11  Marine x2  
  33  3:14  Factory Tech Lab  
  32  3:20  SCV x2  
  34  3:28  Barracks  
  34  3:30  Marine x2  
  34  3:32  SCV  
  34  3:33  SCV  
  38  3:44  SCV  
  38  3:45  SCV, Cyclone  
  38  3:47  Supply Depot  
  43  3:53  Barracks  
  43  3:56  SCV  
  43  3:57  Starport Tech Lab  
  43  3:58  SCV  
  43  4:00  Engineering Bay  
  45  4:03  Marine  
  45  4:09  Marine, SCV  
  48  4:10  SCV  
  48  4:12  Supply Depot  
  48  4:14  Refinery  
  49  4:21  SCV, Marine  
  49  4:22  SCV  
  51  4:26  Stimpack, Marine  
  51  4:27  Terran Infantry Weapons Level 1  
  50  4:32  Marine  
  50  4:33  SCV  
  50  4:36  SCV  
  53  4:39  Supply Depot  
  53  4:41  Starport Reactor, Factory Reactor  
  53  4:44  Marine  
  53  4:45  SCV  
  55  4:46  Marine  
  55  4:48  SCV  
  55  4:49  Marine  
  55  4:50  Marine  
  55  4:52  Combat Shield  
  58  4:57  SCV  
  59  5:00  SCV  
  59  5:01  Supply Depot  
  59  5:02  Marine, Refinery  
  61  5:07  Marauder  
  61  5:08  Marine  
  61  5:09  Marauder, SCV  
  61  5:13  Supply Depot  
  61  5:14  SCV  
  68  5:19  Medivac  
  70  5:22  Medivac  
  70  5:23  Widow Mine x2  
  70  5:27  Supply Depot  
  76  5:30  Marine x2  
  82  5:35  Marauder x2  
  82  5:38  Supply Depot  
  82  5:41  SCV x2  
  82  5:44  Widow Mine  
  84  5:54  Marine x2  
  86  6:01  Command Center, Supply Depot  
  86  6:02  Marauder  
  86  6:03  Marauder  
  90  6:07  Widow Mine x2  
  90  6:09  SCV x2  
  96  6:11  Medivac  
  96  6:14  Medivac  
  100  6:18  Supply Depot  
  100  6:19  Marine x2  
  100  6:23  Marauder  
  100  6:24  SCV  
  105  6:32  Supply Depot  
  105  6:33  Widow Mine x2  
  105  6:38  Barracks  
  105  6:39  Barracks  
  109  6:43  SCV x2  
  111  6:48  Marine x2  
  111  6:52  Marauder  
  113  6:55  Widow Mine x2  
  113  6:57  Marauder, SCV  
  120  7:03  Viking x2  
  120  7:06  Marine x2  
  122  7:13  SCV  
  122  7:14  Marauder  
  125  7:15  Orbital Command  
  125  7:20  Widow Mine  
  125  7:21  Widow Mine  
  129  7:23  Terran Infantry Armor Level 1  
  129  7:24  SCV, Supply Depot  
  129  7:25  SCV  
  129  7:28  Barracks Tech Lab  
  128  7:31  Barracks Reactor  
  128  7:34  Marauder  
  128  7:35  Marauder  
  128  7:36  SCV  
  133  7:37  SCV  
  133  7:38  Viking  
  133  7:40  Concussive Shells  
  133  7:43  SCV  
  136  7:48  SCV, Marauder  
  136  7:49  SCV  
  140  7:51  Supply Depot  
  140  7:55  SCV  
  140  7:56  Marauder  
  143  8:00  Widow Mine x2, SCV  
  143  8:03  Marauder  
  145  8:09  Marine  
  145  8:10  Marauder, SCV  
  145  8:11  Marine x2  
  140  8:13  Marine  
  140  8:14  SCV  
  140  8:15  Viking  
  140  8:17  Marine  
  140  8:19  Viking  
  141  8:22  Widow Mine x2  
  141  8:25  Marauder  
  141  8:26  Marine, Refinery  
  141  8:27  Refinery  
  142  8:30  Marine x2, Ghost Academy  
  142  8:33  Marauder  
  142  8:35  Marine  
  142  8:38  Supply Depot  
  138  8:46  Widow Mine x2, Armory  
  138  8:47  Engineering Bay, SCV x2  
  144  8:48  SCV  
  145  8:57  Supply Depot  
  145  8:59  SCV x2  
  145  9:00  Viking  
  149  9:03  Viking  
  149  9:04  Ghost  
  149  9:07  Ghost  
  149  9:08  Ghost  
  157  9:12  Supply Depot  
  150  9:24  Command Center  
  140  9:33  Marauder  
  140  9:36  Marauder  
  140  9:37  Marauder  
  135  9:42  Widow Mine, Marine  
  135  9:43  SCV, Marine  
  138  9:47  Marine x2  
  138  9:48  SCV  
  135  9:53  Viking  
  135  9:55  Marauder, SCV  
  135  9:58  Marauder  
  135  9:59  Terran Infantry Weapons Level 2, Marauder, Terran Infantry Armor Level 2  
  144  10:00  Marine  
  144  10:01  Widow Mine, Marine  
  144  10:04  Medivac  
  144  10:05  Marine x2  
  149  10:08  Widow Mine  
  147  10:18  Marine  
  147  10:19  Barracks, Terran Ship Weapons Level 1, SCV  
  147  10:20  SCV x2  
  147  10:21  Barracks x2  
  151  10:28  Ghost  
  146  10:32  Widow Mine x2  
  146  10:33  Marine, Medivac x2  
  146  10:35  Marine x2  
  157  10:37  Marauder  
  157  10:42  Marauder  
  158  10:44  SCV  
  158  10:45  SCV  
  158  10:46  SCV, Marine  
  159  10:51  Marine  
  159  10:53  Marine  
  159  10:54  Widow Mine, Marine  
  159  10:56  SCV  
  163  10:57  SCV  
  163  11:01  Ghost  
  163  11:03  Marine  
  167  11:05  SCV  
  167  11:07  Widow Mine, Planetary Fortress  
  167  11:09  SCV, Medivac  
  165  11:11  SCV  
  165  11:12  Marine  
  165  11:16  Medivac  
  165  11:17  SCV  
  165  11:18  Marine  
  169  11:21  SCV  
  169  11:23  Ghost  
  165  11:26  Widow Mine, SCV  
  165  11:29  SCV  
  169  11:33  Barracks Reactor, Refinery, Barracks Tech Lab x2  
  169  11:36  Marauder  
  169  11:37  Supply Depot  
  169  11:41  Medivac  
  169  11:42  Widow Mine  
  169  11:45  Marine x2, Ghost  
  169  11:46  Marine  
  178  11:48  Medivac  
  178  11:51  Marauder  
  178  11:52  Marauder  
  178  11:53  Marauder  
  184  11:57  Marine, Marauder  
  180  12:03  Widow Mine, Marine  
  178  12:11  Medivac  
  178  12:12  Marine, Marauder  
  178  12:13  Marine x2  
  178  12:14  Marine, Marauder x3  
  178  12:15  Marine, SCV  
  191  12:16  SCV  
  191  12:18  Marauder, Medivac  
  193  12:23  Widow Mine, Marine, Refinery  
  192  12:30  Marine  
  192  12:31  Marine x2  
  192  12:32  Command Center  
Show
View Real Time Build Order
Export as new Build Order

Classic Protoss 

Build Orders: 1 Gate Expand, Phoenix Opening, Colossus Rush 

Get SALT Encoding   

  12  0:00  Probe  
  13  0:12  Probe  
  14  0:17  Pylon  
  14  0:24  Probe (Chrono Boost)  
  15  0:35  Gateway  
  15  0:36  Probe (Chrono Boost)  
  16  0:45  Probe (Chrono Boost)  
  16  0:46  Assimilator  
  17  0:50  Probe  
  18  1:03  Probe  
  19  1:15  Probe  
  20  1:22  Cybernetics Core  
  20  1:32  Nexus  
  20  1:40  Pylon  
  20  1:42  Probe  
  21  1:48  Assimilator  
  21  1:54  Probe  
  21  1:55  Adept (Chrono Boost)  
  24  2:06  Probe  
  25  2:16  Adept (Chrono Boost)  
  25  2:18  Probe  
  28  2:23  Stargate  
  28  2:31  Probe, Warp Gate  
  29  2:38  Adept  
  31  2:45  Probe (Chrono Boost)  
  31  2:48  Probe (Chrono Boost)  
  33  2:55  Probe (Chrono Boost)  
  35  2:59  Probe (Chrono Boost)  
  35  3:00  Probe (Chrono Boost)  
  36  3:07  Phoenix (Chrono Boost)  
  36  3:08  Probe  
  39  3:14  Probe  
  39  3:16  Pylon  
  40  3:20  Probe  
  40  3:27  Probe, Phoenix (Chrono Boost)  
  42  3:30  Assimilator  
  42  3:32  Probe  
  45  3:36  Robotics Facility  
  45  3:38  Assimilator  
  43  3:41  Probe (Chrono Boost)  
  43  3:47  Probe (Chrono Boost)  
  45  3:49  Phoenix  
  45  3:51  Pylon  
  45  3:53  Probe (Chrono Boost)  
  48  3:57  Gateway  
  48  4:01  Probe (Chrono Boost)  
  50  4:02  Probe (Chrono Boost)  
  50  4:07  Probe  
  51  4:11  Probe  
  52  4:20  Probe  
  52  4:22  Immortal (Chrono Boost)  
  52  4:23  Probe, Pylon  
  54  4:28  Robotics Bay  
  58  4:33  Probe  
  58  4:35  Probe  
  60  4:38  Sentry  
  60  4:43  Pylon  
  62  4:51  Immortal (Chrono Boost)  
  66  5:01  Nexus  
  66  5:04  Sentry  
  66  5:06  Pylon  
  68  5:09  Shield Battery  
  68  5:12  Shield Battery  
  68  5:20  Colossus (Chrono Boost)  
  68  5:25  Extended Thermal Lance  
  68  5:27  Probe  
  76  5:28  Probe  
  76  5:35  Pylon  
  76  5:38  Phoenix  
  78  5:44  Probe x2  
  80  5:56  Probe  
  81  5:57  Zealot x2  
  81  5:58  Probe  
  81  6:00  Pylon  
  81  6:03  Colossus (Chrono Boost)  
  86  6:09  Probe  
  86  6:10  Probe, Pylon  
  94  6:12  Phoenix  
  94  6:14  Probe  
  97  6:22  Probe x2  
  99  6:26  Probe  
  99  6:28  Twilight Council  
  99  6:29  Forge  
  99  6:34  Probe x2  
  99  6:38  Probe  
  102  6:41  Zealot x2  
  102  6:42  Pylon  
  102  6:46  Observer (Chrono Boost)  
  105  7:01  Probe x2  
  107  7:04  Pylon  
  107  7:05  Pylon  
  104  7:12  Colossus (Chrono Boost)  
  110  7:18  Probe x3, Pylon  
  110  7:23  Gateway  
  110  7:25  Gateway  
  110  7:26  Gateway x2  
  110  7:30  Charge, Protoss Ground Weapons Level 1 (Chrono Boost)  
  110  7:31  Pylon  
  110  7:38  Probe, Pylon  
  110  7:39  Probe x2  
  113  7:44  Zealot x2  
  113  7:45  Assimilator  
  117  8:03  Warp Prism (Chrono Boost)  
  117  8:04  Zealot x2  
  113  8:18  Stalker  
  115  8:26  Zealot  
  115  8:27  Zealot x4  
  111  8:29  Disruptor (Chrono Boost)  
  111  8:33  Robotics Facility  
  118  8:39  Gateway  
  118  8:41  Gateway  
  116  8:45  Pylon  
  116  8:47  Pylon  
  116  8:53  Zealot x2  
  116  8:55  Zealot x4  
  128  8:56  Nexus  
  128  9:00  Pylon  
  128  9:01  Blink  
  128  9:02  Forge  
  128  9:03  Disruptor (Chrono Boost)  
  128  9:06  Pylon  
  128  9:07  Pylon  
  131  9:24  Zealot x6  
  118  9:34  Disruptor x2  
  124  9:41  Zealot x2  
  124  9:42  Probe x3  
  90  9:55  Stalker x7  
  91  10:05  Probe x3  
  92  10:08  Disruptor x2 (Chrono Boost)  
  92  10:10  Zealot  
  92  10:12  Protoss Ground Armor Level 1  
  92  10:13  Protoss Ground Weapons Level 2  
  100  10:19  Zealot x4  
  105  10:30  Zealot x3  
  105  10:31  Zealot  
  89  10:45  Zealot x3  
  89  10:46  Disruptor x2 (Chrono Boost)  
  89  10:50  Zealot x2  
  89  10:55  Zealot x2  
  95  11:00  Stalker  
  97  11:08  Zealot x3  
  97  11:14  Zealot x2  
  91  11:25  Disruptor (Chrono Boost)  
  85  11:27  Observer (Chrono Boost)  
  85  11:28  Stalker x3  
  85  11:31  Stalker x2  
  93  11:34  Stalker  
  93  11:38  Stalker  
  97  11:44  Zealot  
  99  11:52  Zealot x3  
  102  12:04  Zealot x4  
  95  12:15  Disruptor x2 (Chrono Boost)  
  94  12:28  Stalker x4  
  99  12:34  Pylon  
Tags
 
Add a new tag
Caveats
  • Supply blocks, unpowered buildings, or Contaminate may cause inaccurate times.
  • Supply counts are checked every 10 seconds.